APP
GRAND JUNCTION ROCKIES @ HELENA BREWERS
06/18/2044
 
TOP OF THE 1ST
Grand Junction Rockies batting - Pitching for Helena Brewers : LHP Paul Schumacher
Pitching: LHP Paul Schumacher
Batting: RHB Juan Figueroa 0-0: Foul Ball, location: 2F
0-1: Ball
1-1: Swinging Strike
1-2: Foul Ball, location: 2F
1-2: Ball
2-2: Strikes out looking
Batting: RHB John Boyer 0-0: Ball
1-0: Ball
2-0: SOLO HOME RUN (Flyball, 78XD, EV 110.6 MPH), Distance : 421 ft
Batting: LHB Bill McGregor 0-0: Foul Ball, location: 2F
0-1: Ball
1-1: Ball
2-1: Ball
3-1: Base on Balls
Batting: RHB Bryce Hickman Pickoff Play to 1st, Runner tries for 2nd, SAFE after rundown.
0-0: Ball
1-0: Ball
2-0: Foul Ball, location: 2F
2-1: Foul Ball, location: 2F
2-2: Fly out, F8 (Line Drive, 8LD, EV 85.6 MPH)
Batting: RHB Henry Alvizo 0-0: Ball
1-0: Ball
2-0: 2-RUN HOME RUN (Flyball, 7LD, EV 98.1 MPH), Distance : 355 ft
Batting: RHB Willis Morales 0-0: Ball
1-0: Ball
2-0: Ball
3-0: Base on Balls
Batting: SHB Jeff Sorrels 0-0: Ball
1-0: Called Strike
Willis Morales steals 2nd base
1-1: Ball
2-1: Ball
3-1: Called Strike
3-2: Ground out 6-3 (Groundball, 6D, EV 100.6 MPH)
Top of the 1st over - 3 runs, 2 hits, 0 errors, 1 left on base; Grand Junction 3 - Helena 0
BOTTOM OF THE 1ST
Helena Brewers batting - Pitching for Grand Junction Rockies : RHP Mitch Guerrero
Pitching: RHP Mitch Guerrero
Batting: RHB Nick Cummings 0-0: Called Strike
0-1: Swinging Strike
0-2: Ball
1-2: Ball
2-2: Strikes out looking
Batting: SHB Mike Williams 0-0: Ball
1-0: Ground out U3 (Groundball, 3S, EV 83.1 MPH)
Batting: LHB Gabe Harvey 0-0: Called Strike
0-1: Foul Ball, location: 2F
0-2: Ball
1-2: Foul Ball, location: 2F
1-2: Ball
2-2: Foul Ball, location: 2F
2-2: Strikes out looking
Bottom of the 1st over - 0 runs, 0 hits, 0 errors, 0 left on base; Grand Junction 3 - Helena 0
TOP OF THE 2ND
Grand Junction Rockies batting - Pitching for Helena Brewers : LHP Paul Schumacher
Batting: RHB Doug D'Onofrio 0-0: Ball
1-0: Called Strike
1-1: Swinging Strike
1-2: Ground out 4-3 (Groundball, 4, EV 91.9 MPH)
Batting: RHB Zakhar Edelman 0-0: Foul Ball, location: 2F
0-1: Foul Ball, location: 2F
0-2: Ball
1-2: Ball
2-2: Foul Ball, location: 2F
2-2: Foul Ball, location: 2F
2-2: Strikes out swinging, 2-3 out at first.
Batting: RHB Juan Figueroa 0-0: Ball
1-0: Called Strike
1-1: Called Strike
1-2: Ground out 4-3 (Groundball, 4, EV 104.4 MPH)
Top of the 2nd over - 0 runs, 0 hits, 0 errors, 0 left on base; Grand Junction 3 - Helena 0
BOTTOM OF THE 2ND
Helena Brewers batting - Pitching for Grand Junction Rockies : RHP Mitch Guerrero
Batting: SHB Robert Sayer 0-0: Called Strike
0-1: Ball
1-1: Swinging Strike
1-2: Ground out 5-3 (Groundball, 6, EV 76.9 MPH)
Batting: SHB Craig Wright 0-0: Ball
1-0: Ground out 6-3 (Groundball, 6, EV 105.6 MPH)
Batting: LHB Pablo Cardona 0-0: Called Strike
0-1: Swinging Strike
0-2: Ball
1-2: Strikes out looking
Bottom of the 2nd over - 0 runs, 0 hits, 0 errors, 0 left on base; Grand Junction 3 - Helena 0
TOP OF THE 3RD
Grand Junction Rockies batting - Pitching for Helena Brewers : LHP Paul Schumacher
Batting: RHB John Boyer 0-0: Ball
1-0: Foul Ball, location: 2F
1-1: Ball
2-1: SINGLE (Groundball, 4MD, EV 81.9 MPH) (infield hit)
Batting: LHB Bill McGregor 0-0: Swinging Strike
0-1: Swinging Strike
0-2: Strikes out looking
Batting: RHB Bryce Hickman 0-0: Ball
1-0: Ball
2-0: Ball
3-0: Swinging Strike
3-1: Base on Balls
John Boyer to second
Batting: RHB Henry Alvizo 0-0: Called Strike
0-1: Foul Ball, location: 2F
0-2: Ball
1-2: Strikes out swinging
Batting: RHB Willis Morales 0-0: Ball
1-0: Ball
2-0: Ball
3-0: Base on Balls
John Boyer to third
Bryce Hickman to second
Batting: SHB Jeff Sorrels 0-0: SINGLE (Line Drive, 4MD, EV 99.4 MPH)
John Boyer scores
Bryce Hickman to third
Willis Morales to second
Batting: RHB Doug D'Onofrio 0-0: Swinging Strike
0-1: Foul Ball, location: 2F
0-2: Ball
1-2: Foul Ball, location: 2F
1-2: Strikes out swinging
Top of the 3rd over - 1 run, 2 hits, 0 errors, 3 left on base; Grand Junction 4 - Helena 0
BOTTOM OF THE 3RD
Helena Brewers batting - Pitching for Grand Junction Rockies : RHP Mitch Guerrero
Batting: RHB Dustin Hartman 0-0: Ball
1-0: Ball
2-0: Ball
3-0: Called Strike
3-1: Ground out 5-3 (Groundball, 5, EV 84.4 MPH)
Batting: LHB Umar Matoub 0-0: Ball
1-0: Ball
2-0: Ball
3-0: Base on Balls
Batting: RHB Dusty Bates 0-0: Called Strike
0-1: Ball
1-1: Called Strike
1-2: Ball
2-2: Ball
3-2: Base on Balls
Umar Matoub to second
Batting: RHB Nick Cummings 0-0: Called Strike
0-1: Ball
1-1: Fly out, F8 (Line Drive, 8RM, EV 95.6 MPH)
Batting: SHB Mike Williams 0-0: Foul Ball, location: 2F
0-1: DOUBLE (Flyball, 89D, EV 100.0 MPH)
Umar Matoub scores
Dusty Bates to third
Pinch Runner at 2nd David Lass:
Batting: LHB Gabe Harvey 0-0: DOUBLE (Line Drive, 78D, EV 108.8 MPH)
Dusty Bates scores
David Lass scores
Batting: SHB Robert Sayer 0-0: Ball
1-0: Ball
2-0: Foul Ball, location: 2F
2-1: Ground out 4-3 (Groundball, 4, EV 90.6 MPH)
Bottom of the 3rd over - 3 runs, 2 hits, 0 errors, 1 left on base; Grand Junction 4 - Helena 3
TOP OF THE 4TH
Grand Junction Rockies batting - Pitching for Helena Brewers : LHP Paul Schumacher
Now in CF: David Lass
Batting: RHB Zakhar Edelman 0-0: Ball
1-0: Ground out U3 (Groundball, 34, EV 87.5 MPH)
Pitching: RHP Sho Sekine
Batting: RHB Juan Figueroa 0-0: Foul Ball, location: 2F
0-1: Ball
1-1: Foul Ball, location: 2F
1-2: Ground out 5-3 (Groundball, 56, EV 100.0 MPH)
Batting: RHB John Boyer 0-0: Ball
1-0: Ball
2-0: Called Strike
2-1: Foul Ball, location: 2F
2-2: Ball
3-2: Base on Balls
Batting: LHB Bill McGregor 0-0: Ball
1-0: Ball
2-0: Foul Ball, location: 2F
2-1: Ball
3-1: Base on Balls
John Boyer to second
Batting: RHB Bryce Hickman 0-0: Foul Ball, location: 2F
0-1: Fly out, F6 (Popup, 6MS, EV 65.6 MPH)
Top of the 4th over - 0 runs, 0 hits, 0 errors, 2 left on base; Grand Junction 4 - Helena 3
BOTTOM OF THE 4TH
Helena Brewers batting - Pitching for Grand Junction Rockies : RHP Mitch Guerrero
Batting: SHB Craig Wright 0-0: Ground out 5-3 (Groundball, 5, EV 105.6 MPH)
Batting: LHB Pablo Cardona 0-0: Called Strike
0-1: SINGLE (Flyball, 78S, EV 90.6 MPH)
Batting: RHB Dustin Hartman 0-0: Fly out, F9 (Flyball, 9S, EV 76.2 MPH)
Batting: LHB Umar Matoub 0-0: Called Strike
0-1: Foul Ball, location: 2F
0-2: Ball
Pablo Cardona steals 2nd base
1-2: Foul Ball, location: 2F
1-2: Ball
2-2: Ball
3-2: Foul Ball, location: 2F
3-2: Foul Ball, location: 2F
3-2: Foul Ball, location: 2F
3-2: Foul Ball, location: 2F
3-2: Base on Balls
Batting: RHB Dusty Bates 0-0: Ball
1-0: Swinging Strike
1-1: Swinging Strike
1-2: Strikes out swinging
Bottom of the 4th over - 0 runs, 1 hit, 0 errors, 2 left on base; Grand Junction 4 - Helena 3
TOP OF THE 5TH
Grand Junction Rockies batting - Pitching for Helena Brewers : RHP Sho Sekine
Batting: RHB Henry Alvizo 0-0: Swinging Strike
0-1: Ball
1-1: Ground out 1-3 (Groundball, P, EV 70.0 MPH)
Batting: RHB Willis Morales 0-0: Called Strike
0-1: Ball
1-1: Foul Ball, location: 2F
1-2: Strikes out looking
Batting: SHB Jeff Sorrels 0-0: Ball
1-0: Ball
2-0: Called Strike
2-1: Ball
3-1: Base on Balls
Batting: RHB Doug D'Onofrio 0-0: Ball
1-0: Called Strike
1-1: Foul Ball, location: 2F
1-2: SINGLE (Flyball, 6D, EV 90.0 MPH)
Jeff Sorrels to second
Batting: RHB Zakhar Edelman 0-0: Ball
1-0: Fielders Choice at 2nd, 6-4 (Groundball, 6, EV 105.0 MPH)
Top of the 5th over - 0 runs, 1 hit, 0 errors, 2 left on base; Grand Junction 4 - Helena 3
BOTTOM OF THE 5TH
Helena Brewers batting - Pitching for Grand Junction Rockies : RHP Mitch Guerrero
Batting: RHB Nick Cummings 0-0: Called Strike
0-1: DOUBLE (Line Drive, 89XD, EV 106.9 MPH)
Batting: SHB David Lass 0-0: Ball
Nick Cummings steals 3rd, throwing error, E2
Nick Cummings scores
1-0: Called Strike
1-1: Fly out, F6 (Popup, 6, EV 68.8 MPH)
Batting: LHB Gabe Harvey 0-0: Ball
1-0: Foul Ball, location: 2F
1-1: Ball
2-1: Foul Ball, location: 2F
2-2: Ball
3-2: SOLO HOME RUN (Flyball, 9D, EV 93.1 MPH), Distance : 378 ft
Pitching: RHP Jim Micaletti
Batting: SHB Robert Sayer 0-0: Ball
1-0: Ball
2-0: Ball
3-0: Called Strike
3-1: Base on Balls
Batting: SHB Craig Wright 0-0: Called Strike
0-1: Called Strike
0-2: SINGLE (Groundball, 25, EV 65.6 MPH) (infield hit)
Robert Sayer to second
Batting: LHB Pablo Cardona 0-0: Called Strike
0-1: Called Strike
0-2: Ball
1-2: Foul Ball, location: 2F
1-2: Foul Ball, location: 2F
1-2: Ball
2-2: Ball
3-2: Foul Ball, location: 2F
3-2: Foul Ball, location: 2F
3-2: Base on Balls
Robert Sayer to third
Craig Wright to second
Batting: RHB Dustin Hartman 0-0: Called Strike
0-1: Ball
1-1: Ball
2-1: SINGLE (Line Drive, 5D, EV 94.4 MPH)
Robert Sayer scores
Craig Wright to third
Pablo Cardona to second
Runner from 3rd tries for Home, SAFE, throw by LF to trailing runner, OUT at third! 7-6-5
Batting: LHB Umar Matoub 0-0: Ball
1-0: Ball
2-0: Ball
3-0: Base on Balls
Dustin Hartman to second
Batting: RHB Dusty Bates 0-0: Called Strike
0-1: Called Strike
0-2: Strikes out swinging
Bottom of the 5th over - 4 runs, 4 hits, 1 error, 2 left on base; Grand Junction 4 - Helena 7
TOP OF THE 6TH
Grand Junction Rockies batting - Pitching for Helena Brewers : RHP Sho Sekine
Pitching: RHP Dustin Pryor
Batting: RHB Juan Figueroa 0-0: Ball
1-0: Ball
2-0: Foul Ball, location: 2F
2-1: Ball
3-1: Base on Balls
Batting: RHB John Boyer 0-0: Ball
Juan Figueroa steals 2nd base
1-0: Ground out 5-3 (Groundball, 56, EV 98.8 MPH)
Batting: LHB Bill McGregor 0-0: Ball
1-0: Called Strike
1-1: Called Strike
1-2: Strikes out looking
Batting: RHB Bryce Hickman 0-0: Ball
1-0: Ball
2-0: Foul Ball, location: 2F
2-1: Ball
3-1: Called Strike
3-2: Base on Balls
Batting: RHB Henry Alvizo 0-0: Called Strike
0-1: Ball
1-1: Ball
2-1: Foul Ball, location: 2F
2-2: Ball
3-2: Ground out 6-3 (Groundball, 6, EV 104.4 MPH)
Top of the 6th over - 0 runs, 0 hits, 0 errors, 2 left on base; Grand Junction 4 - Helena 7
BOTTOM OF THE 6TH
Helena Brewers batting - Pitching for Grand Junction Rockies : RHP Jim Micaletti
Batting: RHB Nick Cummings 0-0: Swinging Strike
0-1: Foul Ball, location: 2F
0-2: Ball
1-2: Foul Ball, location: 2F
1-2: Strikes out swinging
Batting: SHB David Lass 0-0: Ball
1-0: Ball
2-0: Called Strike
2-1: Swinging Strike
2-2: Strikes out swinging
Batting: LHB Gabe Harvey 0-0: Ball
1-0: SINGLE (Line Drive, 4D, EV 100.0 MPH)
Batting: SHB Robert Sayer 0-0: Ball
1-0: Called Strike
1-1: Swinging Strike
1-2: SINGLE (Groundball, 4MD, EV 105.0 MPH)
Gabe Harvey to second
Batting: SHB Craig Wright 0-0: Ball
1-0: Ball
Wild Pitch!
Gabe Harvey to third
Robert Sayer to second
2-0: Foul Ball, location: 2F
2-1: Foul Ball, location: 2F
2-2: SINGLE (Line Drive, 56, EV 103.8 MPH)
Gabe Harvey scores
Robert Sayer to third
Runner from 3rd tries for Home, throw by LF and OUT! 7-2
Bottom of the 6th over - 1 run, 3 hits, 0 errors, 1 left on base; Grand Junction 4 - Helena 8
TOP OF THE 7TH
Grand Junction Rockies batting - Pitching for Helena Brewers : RHP Dustin Pryor
Pitching: RHP Dave Hotaling
Batting: RHB Willis Morales 0-0: Ball
1-0: Foul Ball, location: 2F
1-1: Ball
2-1: Foul Ball, location: 2F
2-2: Strikes out swinging
Batting: SHB Jeff Sorrels 0-0: Ground out 4-3 (Groundball, 4S, EV 84.4 MPH)
Batting: RHB Doug D'Onofrio 0-0: Reached on error, E6 (Groundball, 6, EV 82.5 MPH)
Batting: RHB Zakhar Edelman 0-0: Ball
1-0: Ball
2-0: Called Strike
2-1: Ball
3-1: SINGLE (Line Drive, 89M, EV 106.9 MPH)
Doug D'Onofrio to third
Runner from 3rd tries for Home, SAFE, throw by CF to home
Batting: RHB Juan Figueroa 0-0: Called Strike
0-1: Foul Ball, location: 2F
0-2: Ball
Zakhar Edelman is caught stealing 2nd base 2-4
Top of the 7th over - 1 run, 1 hit, 1 error, 0 left on base; Grand Junction 5 - Helena 8
BOTTOM OF THE 7TH
Helena Brewers batting - Pitching for Grand Junction Rockies : RHP Jim Micaletti
Batting: LHB Pablo Cardona 0-0: Foul Ball, location: 2F
0-1: Ball
1-1: Foul Ball, location: 2F
1-2: Foul Ball, location: 2F
1-2: Ground out 5-3 (Groundball, 56, EV 93.1 MPH)
Batting: RHB Dustin Hartman 0-0: SINGLE (Flyball, 4D, EV 91.9 MPH)
Batting: LHB Umar Matoub 0-0: Grounds into double play, 5-4-3 (Groundball, 5, EV 88.8 MPH)
Bottom of the 7th over - 0 runs, 1 hit, 0 errors, 0 left on base; Grand Junction 5 - Helena 8
TOP OF THE 8TH
Grand Junction Rockies batting - Pitching for Helena Brewers : RHP Dave Hotaling
Batting: RHB Juan Figueroa 0-0: Ball
1-0: SINGLE (Line Drive, 4MD, EV 100.0 MPH)
Pitching: RHP Addick Huiberts
Batting: RHB John Boyer 0-0: Ball
1-0: Ball
2-0: Called Strike
Balk!
Juan Figueroa to second
2-1: Ball
3-1: Foul Ball, location: 2F
3-2: Base on Balls
Pitching: RHP Guillermo Delgado
Batting: LHB Bill McGregor 0-0: Foul Ball, location: 2F
0-1: Ball
1-1: Called Strike
1-2: Foul Ball, location: 2F
1-2: Strikes out swinging
Batting: RHB Bryce Hickman 0-0: Called Strike
0-1: Ball
1-1: 3-RUN HOME RUN (Flyball, 7LD, EV 93.1 MPH), Distance : 350 ft
Pinch Hitting: LHB Zack Guillen 0-0: Ball
1-0: Called Strike
1-1: Swinging Strike
1-2: Ball
2-2: Strikes out looking
Pinch Hitting: LHB Chris Salim 0-0: Ball
1-0: Foul Ball, location: 2F
1-1: Ball
2-1: Foul Ball, location: 2F
2-2: Fly out, F7 (Line Drive, 7LS, EV 92.5 MPH)
Top of the 8th over - 3 runs, 2 hits, 0 errors, 0 left on base; Grand Junction 8 - Helena 8
BOTTOM OF THE 8TH
Helena Brewers batting - Pitching for Grand Junction Rockies : RHP Jim Micaletti
Now at 2B: Harry Folsom
Now at SS: Willie Benito
Batting: RHB Dusty Bates 0-0: Called Strike
0-1: Called Strike
0-2: DOUBLE (Line Drive, 89M, EV 94.4 MPH)
Batting: RHB Nick Cummings 0-0: Intentional Walk
Pinch Hitting: RHB Josh Nelson 0-0: Swinging Strike
0-1: Swinging Strike
0-2: 3-RUN HOME RUN (Flyball, 78XD, EV 103.8 MPH), Distance : 411 ft
Pitching: LHP Jason Ryan
Batting: LHB Gabe Harvey 0-0: Foul Ball, location: 2F
0-1: Ball
1-1: Fly out, F8 (Flyball, 8RD, EV 95.0 MPH)
Batting: SHB Robert Sayer 0-0: Ball
1-0: Ball
2-0: Ball
3-0: Called Strike
3-1: Base on Balls
Batting: SHB Craig Wright 0-0: Fielders Choice at 2nd, 6-4 (Groundball, 6, EV 86.2 MPH)
Batting: LHB Pablo Cardona 0-0: Ball
1-0: Ball
2-0: Ground out 4-3 (Groundball, 4, EV 101.9 MPH)
Bottom of the 8th over - 3 runs, 2 hits, 0 errors, 1 left on base; Grand Junction 8 - Helena 11
TOP OF THE 9TH
Grand Junction Rockies batting - Pitching for Helena Brewers : RHP Guillermo Delgado
Pitching: LHP Juan Gonzalez
Now in CF: Juan Villanueva
Batting: SHB Jeff Sorrels 0-0: Ball
1-0: Ball
2-0: Foul Ball, location: 2F
2-1: Foul Ball, location: 2F
2-2: Ball
3-2: Strikes out looking
Batting: RHB Doug D'Onofrio 0-0: Foul Ball, location: 2F
0-1: Ball
1-1: Foul Ball, location: 2F
1-2: Strikes out swinging
Batting: RHB Zakhar Edelman 0-0: Swinging Strike
0-1: Ball
1-1: Ball
2-1: Ball
3-1: Base on Balls
Batting: RHB Juan Figueroa 0-0: Ball
1-0: Ball
2-0: Foul Ball, location: 2F
2-1: Ground out 4-3 (Groundball, 4, EV 98.8 MPH)
Top of the 9th over - 0 runs, 0 hits, 0 errors, 1 left on base; Grand Junction 8 - Helena 11
Thursday, March 31st , 2022 - OOTP Baseball 22.12 Build 89